 Dungeon Crawl Stone Soup version 0.28.0-53-g5a82cb258f (webtiles) character file.

Game seed: 4598565297990906375

1883620 maxonian the Sorcerer (level 27, 201/201 HPs)
             Began as a Djinni Earth Elementalist on June 1, 2022.
             Was the Champion of Makhleb.
             Escaped with the Orb
             ... and 4 runes on June 2, 2022!
             The game lasted 05:40:35 (100030 turns).

maxonian the Sorcerer (Djinni Earth Elementalist) Turns: 100030, Time: 05:40:35

Health: 201/201    AC: 30    Str: 10    XL:     27
Gold:   6174       EV: 11    Int: 40    God:    Makhleb [******] SH: 21 Dex: 16

rFire   + + +      SeeInvis .   b - staff of fire
rCold   + + .      Faith    .   y - +2 tower shield of Guic {rElec}
rNeg    + . .      Spirit   .   d - +9 ice dragon scales
rPois   ∞          Reflect  .   L - +2 helmet
rElec   +          Harm     .   e - +2 cloak
rCorr   .          Rampage  .   Z - +2 pair of gloves {Str+3}
Will    +++..                   (boots unavailable)
Stlth   +.........              O - amulet of Sovereignty {rN+ Will+ Regen+ Int+5 Stlth+}
HPRegen 1.23/turn               Y - ring of wizardry
MPRegen 0.00/turn               A - ring "Tiefuz" {rElec rF+ rC+ Int+6}

@: flying, studying Crossbows
A: sickness immunity, fire resistance 2, cold vulnerability 1, float, innate
caster, HP casting, extra vitality 1, deformed body
0: Orb of Zot
}: 4/15 runes: serpentine, barnacled, slimy, silver
a: Renounce Religion, Minor Destruction, Lesser Servant of Makhleb, Major
Destruction, Greater Servant of Makhleb


You escaped.
You worshipped Makhleb.
Makhleb was exalted by your worship.
You visited 11 branches of the dungeon, and saw 54 of its levels.
You visited 1 bazaar.
You also visited: Ice Cave.

You collected 8353 gold pieces.
You spent 2179 gold pieces at shops.

Inventory:

Hand Weapons
 P - the +4 long sword of Indignation {freeze, Int+3}
   (You took it off a merfolk javelineer on level 4 of the Shoals)

   It freezes those it strikes, dealing additional cold damage.
   It can also slow down cold-blooded creatures.
   Int:       It affects your intelligence (+3).
Armour
 d - +9 ice dragon scales (worn)
   (You found it on level 3 of the Elven Halls)
 e - a +2 cloak (worn)
   (You took it off Nikola on level 3 of the Shoals)
 y - the +2 tower shield of Guic (worn) {rElec}
   (You found it on level 5 of the Dungeon)

   rElec:     It insulates you from electricity.
 L - a +2 helmet (worn)
   (You found it on level 7 of the Dungeon)
 Z - a +2 pair of gloves of strength (worn)
   (You found it on level 3 of the Elven Halls)
Magical Staves
 a - a staff of air
   (You found it on level 5 of the Pits of Slime)
 b - a staff of fire (weapon)
   (You found it on level 9 of the Dungeon)
Jewellery
 g - the ring of the Sparrow {Int+3 SInv}
   (You bought it in a shop in a bazaar)

   [ring of see invisible]

   Int:       It affects your intelligence (+3).
   SInv:      It lets you see invisible.
 t - the ring of the Duke {rF+ rN+ Will+ Dex-5}
   (You took it off a fire giant on level 5 of the Vaults)

   [ring of positive energy]

   Dex:       It affects your dexterity (-5).
   rF:        It protects you from fire.
   rN:        It protects you from negative energy.
   Will:      It increases your willpower.
 z - the ring "Faulajir" {+Blink rCorr Stlth+}
   (You took it off a vault sentinel on level 2 of the Vaults)

   [ring of resist corrosion]

   +Blink:    It lets you blink.
   rCorr:     It protects you from acid and corrosion.
   Stlth:     It makes you more stealthy.
 A - the ring "Tiefuz" (right hand) {rElec rF+ rC+ Int+6}
   (You took it off a vault warden on level 5 of the Vaults)

   [ring of intelligence]

   Int:       It affects your intelligence (+6).
   rF:        It protects you from fire.
   rC:        It protects you from cold.
   rElec:     It insulates you from electricity.
 I - a ring of fire
   (You bought it in a shop on level 3 of the Vaults)
 J - the ring "Amewk" {+Blink rC+ MP+9}
   (You found it on level 3 of the Depths)

   [ring of magical power]

   rC:        It protects you from cold.
   MP:        It affects your magic capacity (+9).
   +Blink:    It lets you blink.
 N - the ring of the Queen {rN+ Int+3}
   (You took it off a deep elf pyromancer on level 3 of the Elven Halls)

   [ring of positive energy]

   Int:       It affects your intelligence (+3).
   rN:        It protects you from negative energy.
 O - the amulet of Sovereignty (around neck) {rN+ Will+ Regen+ Int+5 Stlth+}
   (You acquired it on level 3 of the Depths)

   [amulet of regeneration]

   Int:       It affects your intelligence (+5).
   rN:        It protects you from negative energy.
   Regen:     It increases your rate of health regeneration.
   Will:      It increases your willpower.
   Stlth:     It makes you more stealthy.
 U - the ring of Wioghil {rF+ Int+3}
   (You bought it in a shop on level 3 of the Vaults)

   [ring of protection from fire]

   Int:       It affects your intelligence (+3).
   rF:        It protects you from fire.
 Y - a ring of wizardry (left hand)
   (You found it on level 2 of the Lair of Beasts)
Wands
 v - a wand of paralysis (31)
   (You took it off a kobold on level 12 of the Dungeon)
 B - a wand of iceblast (59)
   (You found it on level 4 of the Dungeon)
 C - a wand of acid (32)
   (You found it on level 5 of the Lair of Beasts)
 G - a wand of polymorph (46)
   (You found it on level 6 of the Dungeon)
 Q - a wand of mindburst (10)
   (You found it on level 3 of the Elven Halls)
 V - a wand of digging (2)
   (You took it off a kobold brigand on level 10 of the Dungeon)
Scrolls
 f - 11 scrolls of fog
 h - 5 scrolls of holy word
 l - a scroll of fear
 o - 3 scrolls of summoning
 q - 4 scrolls of silence
 w - 7 scrolls of teleportation {@r4}
 D - 5 scrolls of blinking
 R - a scroll of immolation
 S - 3 scrolls of magic mapping
Potions
 j - 12 potions of curing {@q1}
 k - 6 potions of might
 n - a potion of attraction
 p - a potion of berserk rage
 r - 3 potions of invisibility
 x - 9 potions of mutation
 E - 13 potions of lignification
 F - 3 potions of heal wounds {@q2}
 H - 7 potions of brilliance
 K - 8 potions of ambrosia
 T - 2 potions of cancellation
 W - 4 potions of resistance
Miscellaneous
 c - a lightning rod (4/4)
   (You found it on level 3 of the Elven Halls)
 i - a phial of floods
   (You found it on level 3 of the Elven Halls)
 m - a box of beasts
   (You found it on level 3 of the Depths)
 s - a phantom mirror
   (You found it on level 3 of the Snake Pit)
 u - a tin of tremorstones (2/2)
   (You found it on level 3 of the Elven Halls)
 M - a condenser vane
   (You found it on level 4 of the Shoals)


   Skills:
 - Level 18.5 Fighting
 - Level 14.3 Armour
 - Level 13.1 Dodging
 - Level 3.0 Stealth
 - Level 15.2 Shields
 - Level 20.0 Unarmed Combat
 + Level 26.2 Spellcasting
 - Level 8.0 Evocations


You couldn't memorise any spells.
You knew the following spells:

 Your Spells              Type           Power      Damage    Failure   Level
a - Fire Storm            Conj/Fire      78%        8d20      5%          9
b - Passwall              Tmut/Erth      100%       N/A       0%          2
c - Stone Arrow           Conj/Erth      100%       3d13      0%          3
d - Petrify               Tmut/Erth      100%       N/A       0%          4
e - Pain                  Necr           100%       1d9       0%          1
f - Mephitic Cloud        Conj/Pois/Air  100%       N/A       0%          3
g - Ensorcelled Hibernat  Hex/Ice        100%       N/A       0%          2
h - Summon Lightning Spi  Summ/Air       100%       N/A       0%          4
i - Yara's Violent Unrav  Hex/Tmut       66%        3d25      0%          5
j - Summon Mana Viper     Hex/Summ       100%       N/A       0%          5
k - Chain Lightning       Conj/Air       66%        3d88      5%          9
l - Haunt                 Necr/Summ      66%        N/A       1%          7
m - Summon Hydra          Summ           66%        N/A       1%          7
n - Disjunction           Tloc           66%        N/A       1%          8
p - Sandblast             Erth           100%       2d20      0%          1
K - Statue Form           Tmut/Erth      88%        N/A       0%          6
O - Storm Form            Tmut/Air       66%        N/A       1%          7
Your spell library was empty.

Dungeon Overview and Level Annotations

Branches:
Dungeon (15/15)            Temple (1/1) D:6            Lair (6/6) D:9
 Shoals (4/4) Lair:4        Snake (4/4) Lair:2        Slime (5/5) Lair:5
    Orc (2/2) D:12            Elf (3/3) Orc:2        Vaults (5/5) D:14
  Crypt (0/3) Vaults:3     Depths (4/4) D:15            Zot (5/5) Depths:4
  IceCv (visited)

Altars:
Ashenzari
Cheibriados
Dithmenos
Elyvilon
Fedhas
Gozag
Hepliaklqana
Kikubaaqudgha
Makhleb
Nemelex Xobeh
Okawaru
Qazlal
Ru
Sif Muna
Trog
Uskayaw
Vehumet
Wu Jian
Xom
Yredelemnul
Zin
The Shining One
Jiyva
Lugonu

Shops:
Orc:2 (=[*   Elf:1 :   Snake:2 ==   Vaults:3 =   Zot:5 *   Depths:1 ::==

Portals:
Hell: Lair:6 Depths:1 Depths:2 Depths:3 Depths:4
Abyss: D:7 Depths:3
Pandemonium: Depths:1 Depths:2
Ziggurat: Depths:4

Annotations:
Snake:1 Roxanne
Snake:2 1 runed translucent door, exclusion: oklob plant
Orc:2 1 runed translucent door, exclusion: 4 orange crystal statues


Innate Abilities, Weirdness & Mutations

You are immune to sickness and miasma.
You are immune to poison.
Your flesh is very heat resistant. (rF++)
You are vulnerable to cold. (rC-)
You float through the air rather than walking.
You learn spells naturally, not from books.
Your magical power is your life essence.
You have superior vitality. (+4 MHP)
Armour fits poorly on your strangely shaped body.


Message History

(P) Snake Pit (M) Slime Pits (O) Orcish Mines (E) Elven Halls (V) Vaults (C) Crypt (U) Depths (H) Hell (Z) Zot
Where to? (Enter - D:1, ? - help)
There is a stone staircase leading up here.
You fly upwards.
There is a stone staircase leading down here.
An Ice Fiend comes into view.
Casting: Chain Lightning (dangerous; 6% risk of failure)
Confirm with . or Enter, or press ? or * to list all spells.
Okay, then.
Casting: Chain Lightning (dangerous; 6% risk of failure)
Confirm with . or Enter, or press ? or * to list all spells.
Aiming: Fire Storm (dangerous; 6% risk of failure)
Press: ? - help, Dir - move target, f - Ice Fiend
Aim: an Ice Fiend You feel a surge of power!
You miscast Fire Storm.
You are very lightly contaminated with residual magic.
You feel a strange surge of energy!!
Unknown command.
Casting: Fire Storm (dangerous; 6% risk of failure)
Confirm with . or Enter, or press ? or * to list all spells.
Aiming: Fire Storm (dangerous; 6% risk of failure)
Press: ? - help, Dir - move target, f/p - Ice Fiend
Aim: an Ice Fiend You feel a surge of power!
A raging storm of fire appears!
The great blast of fire engulfs the Ice Fiend!!!!
The Ice Fiend is burned terribly!
You kill the Ice Fiend!
Makhleb accepts your kill.
There are no items here.
Unknown command.
(D) Dungeon (T) Temple (L) Lair (A) Shoals (P) Snake Pit (M) Slime Pits (O) Orcish Mines (E) Elven Halls (V) Vaults (C) Crypt (U) Depths (H) Hell (Z) Zot
Where to? (Enter - D:1, ? - help)
Things that are here:
a +0 dagger; a +0 hunting sling
There is a stone staircase leading up here.
You fly upwards.
There is a stone staircase leading down here.
Your magical contamination has completely faded away.
There is a stone staircase leading up here.
HP restored.
You fly upwards.
There is a stone staircase leading down here.
There is an open gate here.
There is a staircase leading out of the dungeon here.
You have escaped!

#...##.#........⌠........# #.#
###.##.#.................# #†# #
#.##.#.................## #.#
###.##.#..#####...#####...####.#
##...#.#..#...#####...#........#
...#...#..#.8.......8.#...######
##...###..#...........#..##
÷.#.## #..###.......###..#
#.#.####....#...@...#....#
##..........#.......#....#
##.####....#.......#....# ##..#
#....#.......#....# #.#.#
#....#.......#....# # ....#
#....###...###....# # #...#
#......#'''#......# #
#...####.................# #
.............♣.....♣.....# #


There were no monsters in sight!

Vanquished Creatures
  the Royal Jelly (Slime:5)
  2 dread liches
  4 ancient liches
  2 orbs of fire (Zot:5)
  10 Killer Klowns (Zot:5)
  Frederick (Vaults:2)
  Margery (Depths:4)
  A caustic shrike (shapeshifter) (Vaults:5)
  A curse toe (Zot:5)
  A profane servitor (Depths:3)
  4 golden dragons
  A Tzitzimitl (Depths:3)
  2 electric golems (Zot:5)
  14 tentacled monstrosities
  A Hell Sentinel (Zot:5)
  3 liches
  An Ice Fiend (D:3)
  24 Orb Guardians (Zot:5)
  17 acid blobs
  3 titans (Vaults:5)
  4 quicksilver dragons
  Rupert (D:13)
  A deep elf master archer (Elf:3)
  7 death cobs
  Kirke (D:15)
  17 storm dragons
  A sphinx (Vaults:4)
  Agnes (D:14)
  An Executioner (Depths:4)
  Gastronok (D:10)
  3 tengu reavers
  4 shadow dragons
  5 draconian monks
  8 azure jellies
  5 rockslimes
  2 draconian knights
  3 nagarajas (Snake:4)
  6 fire giants
  An iron dragon (Vaults:5)
  12 vault wardens
  A balrug (D:9)
  5 draconian scorchers
  4 frost giants
  3 deep elf sorcerers
  2 orc warlords
  A spriggan defender (Depths:1)
  4 draconian shifters
  An angel (Depths:2)
  6 draconian annihilators
  2 draconian stormcallers
  2 war gargoyles
  7 stone giants
  10 ironbound preservers
  5 very ugly things
  A reaper (Depths:2)
  4 quicksilver oozes
  5 vampire knights
  5 ironbound thunderhulks
  A lorocyproca (Zot:5)
  4 deep elf annihilators
  6 green draconians
  5 purple draconians
  2 deep elf demonologists
  5 dire elephants
  11 black draconians
  4 entropy weavers
  7 white draconians
  18 red draconians
  A spark wasp (Depths:2)
  7 yellow draconians
  3 crystal guardians
  2 merfolk impalers (Shoals:4)
  11 yaktaur captains
  A blizzard demon (Depths:1)
  3 fire dragons
  3 jiangshi
  5 ettins
  An ice dragon (Depths:3)
  2 deep elf high priests
  5 great orbs of eyes
  31 vault guards
  5 ogre magi
  A naga warrior (Snake:4)
  2 salamander tyrants (Snake:4)
  3 peacekeepers
  11 hydras
  4 anacondas
  5 ironbound frosthearts
  2 spriggan air magi
  An anaconda (shapeshifter) (Vaults:5)
  9 two-headed ogres
  A catoblepas (Depths:4)
  5 merfolk aquamancers
  8 centaur warriors
  Erica (Lair:2)
  7 dancing weapons
  2 merfolk avatars
  A satyr (Shoals:3)
  3 hell hogs (Zot:1)
  4 tengu warriors
  5 deep troll shamans (Depths:4)
  3 orc high priests (Orc:2)
  5 deep troll earth magi
  A vampire mage (Depths:4)
  4 naga sharpshooters
  3 spriggan berserkers
  3 hell knights (Depths:4)
  A spriggan (Depths:4)
  8 deep elf knights
  2 soul eaters (Depths:4)
  A fire crab (shapeshifter) (D:14)
  4 shadow wraiths
  3 sun demons
  3 sixfirhies
  8 iron trolls
  14 skeletal warriors
  3 salamander mystics
  33 deep trolls
  A quicksilver dragon simulacrum (Depths:2)
  6 sea snakes
  4 naga ritualists
  2 flayed ghosts
  2 glowing orange brains
  9 deep elf archers
  6 wizards
  9 orc knights
  14 ironbound convokers
  5 phantasmal warriors
  7 nameless horrors
  11 harpies
  6 lindwurms
  7 mana vipers
  A necromancer (Depths:1)
  A mana viper (shapeshifter) (Elf:2)
  6 manticores
  2 fauns
  20 ugly things
  18 deep elf pyromancers
  3 orc sorcerers (Orc:2)
  12 deep elf zephyrmancers
  3 salamanders
  2 shining eyes
  5 cyclopes
  14 moths of wrath
  A salamander (shapeshifter) (Vaults:5)
  A shining eye (shapeshifter) (Vaults:5)
  3 guardian serpents (Snake:4)
  3 elephants (Lair:3)
  A rust devil (Zot:5)
  8 naga magi
  8 water nymphs
  27 black mambas
  3 eyes of devastation
  A stone giant skeleton (Vaults:3)
  Joseph (D:10)
  12 vault sentinels
  11 cane toads
  2 orange demons (Lair:6)
  33 yaktaurs
  8 komodo dragons
  A rime drake (Lair:6)
  An unseen horror (D:13)
  4 freezing wraiths
  A kobold demonologist (D:12)
  A hellion (D:15)
  An ice devil (Lair:6)
  2 tengu conjurers
  2 efreet
  A hellwing (Lair:6)
  A tormentor (Depths:1)
  A yaktaur skeleton (Vaults:3)
  2 human skeletons (Vaults:3)
  9 merfolk
  A hornet (Depths:4)
  3 trolls
  A meliai (D:13)
  5 wind drakes
  A meliai zombie (D:10)
  48 slime creatures
  5 blink frogs
  2 dream sheep (Shoals:1)
  A centaur simulacrum (D:14)
  23 water elementals
  2 ettin skeletons (Vaults:3)
  3 air elementals (Shoals:4)
  A wyvern (Lair:6)
  22 yaks
  2 basilisks
  2 hogs (D:15)
  6 wraiths
  A chaos spawn (Depths:1)
  20 fire elementals
  6 redbacks
  7 humans
  2 elf skeletons (Vaults:3)
  A neqoxec (D:9)
  3 wargs
  17 nagas
  A floating eye (Slime:5)
  12 water moccasins
  An ice beast (D:6)
  8 hell hounds
  A hornet zombie (D:5)
  25 orc warriors
  An ettin simulacrum (Depths:2)
  5 necrophages
  4 black bears
  9 ogres
  12 wolves
  5 centaurs
  5 boggarts
  A phantom (D:7)
  3 kobold brigands
  8 bullfrogs
  3 earth elementals (Elf:3)
  A wyvern zombie (D:5)
  2 scorpions (D:5)
  23 killer bees
  5 wights (D:7)
  9 electric eels
  6 howler monkeys
  2 lava snakes (D:14)
  A centaur zombie (D:9)
  A crimson imp (D:8)
  A wyvern simulacrum (D:9)
  A bullfrog zombie (D:5)
  A jelly (D:6)
  4 hounds
  7 orc priests
  2 centaur skeletons
  A gnoll shaman (D:8)
  4 bullfrog skeletons
  An iguana (D:5)
  21 orc wizards
  A howler monkey zombie (D:8)
  11 gnolls
  2 adders
  A shadow imp (D:7)
  2 white imps
  An ufetubus (D:5)
  An adder skeleton (D:5)
  A worm (D:4)
  3 dart slugs
  52 orcs
  10 bats
  2 bat zombies (D:3)
  3 endoplasms
  3 giant cockroaches
  6 goblins
  6 hobgoblins
  6 kobolds
  6 quokkas
  5 ball pythons
  3 frilled lizards
  7 rats
  2 rat zombies (D:3)
1405 creatures vanquished.

Vanquished Creatures (collateral kills)
  Mara (Snake:3)
  6 caustic shrikes
  Saint Roka (Snake:4)
  the Enchantress (Depths:1)
  2 golden dragons
  Nikola (Shoals:3)
  Jorgrun (D:12)
  An Orb Guardian (Zot:5)
  3 tentacled monstrosities (Depths:3)
  3 deep elf blademasters
  3 quicksilver dragons
  A titan (Shoals:4)
  3 sphinxes
  2 acid blobs (Slime:5)
  3 tengu reavers
  4 shadow dragons
  3 storm dragons
  5 fire giants
  Donald (Elf:3)
  A nagaraja (Snake:4)
  3 iron dragons
  5 deep elf sorcerers (Elf:3)
  3 frost giants
  Aizul (Snake:3)
  A balrug (Depths:2)
  2 orc warlords
  A draconian shifter (Zot:5)
  3 vault wardens
  Louise (Snake:3)
  4 spriggan defenders
  A juggernaut zombie (Depths:1)
  4 deep elf elementalists
  7 ironbound preservers
  11 very ugly things
  2 ironbound thunderhulks
  2 green draconians (Depths:4)
  A vampire knight (Depths:3)
  9 stone giants
  3 deep elf demonologists
  Azrael (D:12)
  A yellow draconian (Zot:4)
  6 deep elf annihilators (Elf:3)
  6 ettins
  2 spark wasps (Depths:2)
  A blizzard demon (Depths:2)
  4 merfolk javelineers
  5 deep elf death magi
  A jiangshi (Depths:1)
  4 fire dragons
  Josephine (D:14)
  3 yaktaur captains
  7 deep elf high priests
  2 great orbs of eyes (Depths:3)
  7 merfolk impalers
  2 hell beasts
  8 ice dragons
  A boulder beetle (Lair:6)
  3 vault guards (Vaults:1)
  8 naga warriors
  4 spriggan air magi
  A rakshasa (Depths:1)
  6 hydras
  2 salamander tyrants (Snake:4)
  2 alligator snapping turtles
  5 merfolk avatars
  An ironbound frostheart (Vaults:1)
  7 anacondas
  3 deep troll shamans
  A catoblepas (D:13)
  3 centaur warriors (Vaults:2)
  17 dancing weapons
  5 merfolk aquamancers
  A two-headed ogre (D:14)
  A death yak (Lair:3)
  6 deep troll earth magi
  4 hell hogs (Depths:2)
  A two-headed ogre (shapeshifter) (Depths:1)
  An orc high priest (Orc:2)
  16 tengu warriors
  8 naga sharpshooters
  2 vampire magi
  A hell knight (Depths:4)
  3 shock serpents
  10 deep elf knights
  14 spriggan berserkers
  Sonja (D:12)
  3 salamander mystics
  A storm dragon zombie (Depths:1)
  7 soul eaters
  2 sun demons (Depths:2)
  12 skeletal warriors
  6 spriggans
  11 iron trolls
  A steelbarb worm (shapeshifter) (D:13)
  5 sea snakes
  A shadow wraith (Depths:2)
  32 deep trolls
  A quicksilver dragon simulacrum (Depths:2)
  3 glowing orange brains
  The ghost of Holzbalken the Cleaver, a novice DsGl (D:7)
  7 naga ritualists
  A flayed ghost (Depths:2)
  3 ironbound convokers (Vaults:1)
  2 lindwurms
  A shadow dragon zombie (Depths:1)
  3 wizards
  8 harpies
  11 deep elf archers
  2 phantasmal warriors (Depths:1)
  17 deep elf zephyrmancers
  7 deep elf pyromancers
  8 mana vipers
  An orc sorcerer (Snake:4)
  A necromancer (Depths:3)
  3 fauns (Shoals:3)
  A shining eye (shapeshifter) (Depths:1)
  A sphinx skeleton (Depths:1)
  2 orc knights (Orc:2)
  14 ugly things
  A shining eye (Depths:4)
  2 cyclopes
  11 manticores
  A shadow dragon skeleton (Depths:1)
  An elephant (Lair:3)
  An elephant (shapeshifter) (Depths:1)
  A moth of wrath (shapeshifter) (Depths:3)
  2 merfolk sirens (Shoals:4)
  12 salamanders
  28 black mambas
  3 guardian serpents
  3 naga magi
  An eye of devastation (shapeshifter) (Depths:2)
  4 vault sentinels
  9 water nymphs
  A torpor snail (Lair:3)
  An ice statue (Depths:2)
  10 cane toads
  A kobold demonologist (D:12)
  4 yaktaurs
  A freezing wraith (Depths:2)
  4 komodo dragons
  4 rime drakes
  A hellwing (Depths:1)
  5 ice devils
  2 tengu conjurers
  A queen bee (Lair:2)
  A red devil (Lair:6)
  6 trolls
  11 wind drakes
  3 polar bears
  10 blink frogs
  6 hornets
  9 merfolk
  5 dream sheep
  11 snapping turtles
  22 slime creatures
  4 air elementals (Shoals:4)
  A shadow (D:11)
  2 wyverns (Lair:6)
  8 yaks
  8 water elementals
  A wraith (D:14)
  9 humans (D:14)
  3 fire bats (Depths:3)
  A nameless horror (Shoals:4)
  A ynoxinul (Depths:1)
  A basilisk (D:15)
  2 hogs (D:15)
  6 vampire mosquitoes
  3 fire elementals (D:12)
  2 wargs (Orc:2)
  12 nagas
  4 hell hounds
  An acid dragon (D:13)
  8 water moccasins
  4 floating eyes
  21 orc warriors
  A black bear (D:9)
  3 ogres
  An ettin simulacrum (Depths:2)
  2 boggarts
  5 wolves
  4 centaurs (D:15)
  A kobold brigand (D:7)
  5 bullfrogs
  18 killer bees
  3 howler monkeys
  A lava snake (D:14)
  10 orc priests
  23 orc wizards
  3 white imps (D:9)
  40 orcs
  4 kobolds (D:7)
913 creatures vanquished.

Vanquished Creatures (others)
  A caustic shrike (Depths:2)
  A nagaraja (Snake:4)
  A fire giant (Depths:4)
  A merfolk aquamancer (Shoals:3)
  An iron troll (Depths:2)
  A salamander (Depths:3)
  A water nymph (Shoals:4)
  2 ettin simulacra (Depths:2)
  An orc (Vaults:5)
  112 fire vortices
  67 fungi
  85 plants
274 creatures vanquished.

Grand Total: 2592 creatures vanquished

Notes
Turn   | Place    | Note
-------+----------+-------------------------------------------
     0 | D:1      | maxonian the Djinni Earth Elementalist began the quest for
                  | the Orb.
     0 | D:1      | Reached XP level 1. HP: 15/15 MP: 0/0
   721 | D:1      | Reached XP level 2. HP: 21/22 MP: 0/0
  1200 | D:1      | Reached skill level 1 in Fighting
  1244 | D:1      | Found a faded altar of an unknown god.
  1436 | D:1      | Reached XP level 3. HP: 12/27 MP: 0/0
  1436 | D:1      | Learned a level 1 spell: Pain
  2050 | D:2      | Reached XP level 4. HP: 12/33 MP: 0/0
  2694 | D:3      | Found an opulent altar of Gozag.
  2769 | D:3      | Reached skill level 3 in Spellcasting
  3320 | D:3      | Found a shimmering altar of Xom.
  3321 | D:3      | Found a shadowy altar of Dithmenos.
  3321 | D:3      | Found a blossoming altar of Fedhas.
  3619 | D:3      | Found a hide-covered altar of Uskayaw.
  3925 | D:4      | Found a bloodstained altar of Trog.
  3939 | D:4      | You are sucked into a shaft and drop 3 floors!
  3951 | D:7      | Reached XP level 5. HP: 27/38 MP: 0/0
  3951 | D:7      | Learned a level 2 spell: Ensorcelled Hibernation
  4042 | D:7      | Found a large runed translucent door.
  4046 | D:7      | Found a corrupted altar of Lugonu.
  4046 | D:7      | Found a large runed translucent door.
  4054 | D:7      | Noticed a phantom
  4105 | D:7      | Killed a phantom
  4146 | D:7      | Noticed a water moccasin
  4156 | D:7      | Killed a water moccasin
  4157 | D:7      | Reached XP level 6. HP: 24/46 MP: 0/0
  4300 | D:7      | Noticed a necrophage
  4307 | D:7      | Killed a necrophage
  4308 | D:7      | Reached skill level 4 in Spellcasting
  4471 | D:6      | Found a snail-covered altar of Cheibriados.
  4599 | D:6      | Reached XP level 7. HP: 46/52 MP: 0/0
  4599 | D:6      | Learned a level 3 spell: Mephitic Cloud
  5078 | D:5      | Entered Level 5 of the Dungeon
  5120 | D:5      | Reached skill level 5 in Fighting
  5360 | D:5      | Reached XP level 8. HP: 43/59 MP: 0/0
  5442 | D:5      | Identified the +2 tower shield of Guic {rElec}
  5790 | D:4      | Reached skill level 5 in Spellcasting
  6116 | D:4      | Found an ornate altar of the Wu Jian Council.
  6274 | D:4      | Identified the +0 chain mail of Zickyics {Slay+2}
  7104 | D:5      | Reached skill level 6 in Spellcasting
  7104 | D:5      | Reached XP level 9. HP: 61/67 MP: 0/0
  7104 | D:5      | Learned a level 4 spell: Summon Lightning Spire
  7426 | D:6      | Found a staircase to the Ecumenical Temple.
  7436 | Temple   | Entered the Ecumenical Temple
  8616 | D:7      | Found a one-way gate to the infinite horrors of the Abyss.
  8765 | D:7      | Found a runed translucent door.
  8768 | D:7      | Noticed Holzbalken's ghost (novice DsGl)
  8787 | D:7      | Reached skill level 5 in Dodging
  9063 | D:8      | Reached skill level 7 in Spellcasting
  9365 | D:8      | Reached XP level 10. HP: 59/75 MP: 0/0
  9557 | D:8      | Found a burning altar of Makhleb.
  9564 | D:8      | Became a worshipper of Makhleb the Destroyer
  9965 | D:8      | Reached skill level 1 in Armour
  9965 | D:8      | Reached skill level 8 in Spellcasting
 10612 | D:9      | Reached * piety under Makhleb
 10870 | D:9      | Found a staircase to the Lair.
 11238 | D:9      | Reached XP level 11. HP: 69/79 MP: 0/0
 11238 | D:9      | Learned a level 5 spell: Yara's Violent Unravelling
 11260 | D:9      | Reached skill level 5 in Armour
 11332 | D:9      | Reached skill level 9 in Spellcasting
 11576 | D:9      | Reached ** piety under Makhleb
 12014 | D:9      | Found a glowing silver altar of Zin.
 12014 | D:9      | Noticed an angel
 12030 | D:10     | Entered Level 10 of the Dungeon
 12237 | D:10     | Noticed Gastronok
 12263 | D:10     | Killed Gastronok
 12682 | D:10     | Noticed an ogre mage
 12705 | D:10     | Killed an ogre mage
 13021 | D:10     | Noticed a two-headed ogre
 13026 | D:10     | Killed a two-headed ogre
 13027 | D:10     | Reached skill level 10 in Spellcasting
 13530 | D:10     | Reached XP level 12. HP: 48/85 MP: 0/0
 13786 | D:10     | Noticed Joseph
 13920 | D:10     | Killed Joseph
 14721 | Lair:1   | Entered Level 1 of the Lair of Beasts
 15468 | Lair:1   | Reached *** piety under Makhleb
 16839 | Lair:2   | Reached skill level 11 in Spellcasting
 17960 | Lair:2   | Found a staircase to the Snake Pit.
 18251 | Lair:2   | Noticed Erica
 18259 | Lair:2   | Killed Erica
 18260 | Lair:2   | Reached skill level 10 in Fighting
 18750 | Lair:3   | Identified the +1 rapier "Pal Aruc" {pain, rPois rN+}
 18980 | Lair:3   | Reached XP level 13. HP: 88/96 MP: 0/0
 18980 | Lair:3   | Learned a level 5 spell: Summon Mana Viper
 19808 | Lair:3   | Noticed a four-headed hydra
 19812 | Lair:3   | Killed a four-headed hydra
 20593 | Lair:3   | Reached skill level 12 in Spellcasting
 20781 | Lair:3   | Identified the +10 great mace of the Lumpy Friends
                  | {distort, rN+ Will- Dex+2}
 21061 | Lair:3   | Noticed a six-headed hydra
 21079 | Lair:3   | Reached **** piety under Makhleb
 21284 | Lair:3   | Killed a six-headed hydra
 21505 | Lair:3   | Noticed a six-headed hydra
 21530 | Lair:3   | Killed a six-headed hydra
 21954 | Lair:3   | Identified the +0 plate armour "Sumiuxole" {Harm rC- Regen+
                  | Dex+2}
 22416 | Lair:4   | Reached skill level 1 in Evocations
 22521 | Lair:4   | Found a staircase to the Shoals.
 23764 | Lair:5   | Found a staircase to the Slime Pits.
 23764 | Lair:5   | Found a viscous altar of Jiyva.
 23985 | Lair:5   | Reached XP level 14. HP: 97/107 MP: 0/0
 24085 | Lair:5   | Reached ***** piety under Makhleb
 24734 | Lair:6   | Entered Level 6 of the Lair of Beasts
 24773 | Lair:6   | Reached skill level 13 in Spellcasting
 24773 | Lair:6   | Reached skill level 5 in Evocations
 26388 | Lair:6   | Noticed a dire elephant
 26426 | Lair:6   | Killed a dire elephant
 26776 | Lair:6   | Found a burning altar of Makhleb.
 27573 | Lair:6   | Found a gateway to Hell.
 27850 | D:7      | Killed Holzbalken's ghost
 28841 | D:11     | Found a frozen archway.
 28921 | IceCv    | Entered an ice cave
 29667 | D:12     | Reached skill level 1 in Shields
 29681 | D:12     | Reached XP level 15. HP: 96/112 MP: 0/0
 29681 | D:12     | Learned a level 6 spell: Statue Form
 29769 | D:12     | Noticed Sonja
 29775 | D:12     | Killed Sonja
 29776 | D:12     | Reached skill level 14 in Spellcasting
 29778 | D:12     | Noticed Jorgrun
 30122 | D:12     | Noticed Azrael
 30135 | D:12     | Killed Azrael
 30566 | D:12     | Killed Jorgrun
 30993 | D:12     | Found a staircase to the Orcish Mines.
 31094 | D:13     | Noticed Rupert
 31437 | D:13     | Reached skill level 5 in Shields
 31566 | D:13     | Killed Rupert
 31632 | D:13     | Reached ****** piety under Makhleb
 32591 | D:14     | Found a gate to the Vaults.
 33426 | D:14     | Identified the +2 scale mail of Peek-a-Boo {Int+3}
 34006 | D:14     | Noticed Agnes
 34012 | D:14     | Killed Agnes
 34135 | D:14     | Noticed Josephine
 34154 | D:14     | Killed Josephine
 34504 | D:15     | Entered Level 15 of the Dungeon
 34543 | D:15     | Found a white marble altar of Elyvilon.
 34572 | D:15     | Found a shadowy altar of Dithmenos.
 34580 | D:15     | Reached XP level 16. HP: 115/116 MP: 0/0
 34591 | D:15     | Noticed Kirke
 34658 | D:15     | Noticed a fire giant
 34659 | D:15     | Found a staircase to the Depths.
 34738 | D:15     | Found a flickering gateway to a bazaar.
 34762 | Bazaar   | Entered a bazaar
 34795 | Bazaar   | Found Gaoptis's Jewellery Shop.
 34808 | Bazaar   | Found Momm's Book Shop.
 34847 | Bazaar   | Bought a ring of protection from cold for 250 gold pieces
 34847 | Bazaar   | Bought the ring of the Sparrow {Int+3 SInv} for 283 gold
                  | pieces
 34912 | D:15     | Killed Kirke
 35272 | D:15     | Killed a fire giant
 35273 | D:15     | Reached skill level 10 in Shields
 35925 | Orc:1    | Entered Level 1 of the Orcish Mines
 36235 | Orc:2    | Entered Level 2 of the Orcish Mines
 36254 | Orc:2    | Reached skill level 15 in Spellcasting
 37076 | Orc:2    | Found a staircase to the Elven Halls.
 37232 | Orc:2    | Found a runed translucent door.
 38404 | Orc:2    | Found a runed translucent door.
 38475 | Orc:2    | Found the +10 tower shield of Ignorance {rN+ Int-4}
 38901 | Orc:2    | Found Tozxal's Antique Armour Emporium.
 38902 | Orc:2    | Found Witu's Antique Weapon Shoppe.
 38904 | Orc:2    | Found Moubukuw's General Store.
 38904 | Orc:2    | Found Yfaday's Jewellery Emporium.
 39315 | Orc:1    | You are sucked into a shaft and drop 1 floor!
 39861 | Orc:2    | Bought a scroll of teleportation for 45 gold pieces
 39861 | Orc:2    | Bought a scroll of identify for 30 gold pieces
 39861 | Orc:2    | Bought a scroll of identify for 30 gold pieces
 39873 | Orc:2    | Bought a crude robe for 165 gold pieces
 39873 | Orc:2    | Identified the +1 robe of Evolution {Rampage rElec rN+}
                  | (You bought it in a shop on level 2 of the Orcish Mines)
 40104 | Snake:1  | Entered Level 1 of the Snake Pit
 40509 | Snake:1  | Noticed Roxanne
 40721 | Snake:1  | Reached XP level 17. HP: 124/127 MP: 0/0
 40721 | Snake:1  | Learned a level 7 spell: Haunt
 41941 | Snake:2  | Reached skill level 16 in Spellcasting
 41989 | Snake:2  | Found Weqiozor's Jewellery Shoppe.
 41993 | Snake:2  | Found Wiyb's Jewellery Shoppe.
 43362 | Snake:2  | Found a runed translucent door.
 43607 | Snake:3  | Noticed Louise
 43615 | Snake:3  | Killed Louise
 43622 | Snake:3  | Noticed Mara
 43624 | Snake:3  | Noticed maxonian's illusion
 45424 | Snake:3  | Noticed maxonian's illusion
 45451 | Snake:3  | Killed Mara
 45788 | Snake:3  | Noticed Aizul
 45796 | Snake:3  | Killed Aizul
 45802 | Snake:3  | Reached skill level 10 in Dodging
 46196 | Snake:4  | Entered Level 4 of the Snake Pit
 47147 | Snake:4  | Reached XP level 18. HP: 85/135 MP: 0/0
 48073 | Snake:4  | Noticed Saint Roka
 48102 | Snake:4  | Killed Saint Roka
 48103 | Snake:4  | Reached skill level 17 in Spellcasting
 49919 | Snake:4  | Got a serpentine rune of Zot
 50292 | Shoals:1 | Entered Level 1 of the Shoals
 50468 | Shoals:1 | You are sucked into a shaft and drop 1 floor!
 50791 | Shoals:2 | Reached XP level 19. HP: 75/140 MP: 0/0
 50791 | Shoals:2 | Learned a level 7 spell: Summon Hydra
 51123 | Shoals:1 | Reached skill level 18 in Spellcasting
 53518 | Shoals:3 | Noticed Nikola
 53527 | Shoals:3 | Killed Nikola
 54815 | Shoals:4 | Entered Level 4 of the Shoals
 54849 | Shoals:4 | Noticed a titan
 54850 | Shoals:4 | Identified the +4 long sword of Indignation {freeze, Int+3}
 54859 | Shoals:4 | Paralysed by an air elemental for 1 turns
 55149 | Shoals:4 | Paralysed by an air elemental for 1 turns
 55447 | Shoals:4 | Paralysed by an air elemental for 1 turns
 55450 | Shoals:4 | Paralysed by an air elemental for 1 turns
 55463 | Shoals:4 | Paralysed by an air elemental for 1 turns
 55836 | Shoals:4 | Reached skill level 19 in Spellcasting
 56476 | Shoals:4 | Paralysed by an air elemental for 1 turns
 57123 | Shoals:4 | Paralysed by an air elemental for 1 turns
 57674 | Shoals:4 | Identified the +10 falchion "Muuquulu" {holy, rCorr}
 58155 | Shoals:4 | Killed a titan
 58261 | Shoals:4 | Got a barnacled rune of Zot
 58797 | Elf:1    | Entered Level 1 of the Elven Halls
 58805 | Elf:1    | Reached XP level 20. HP: 147/147 MP: 0/0
 59417 | Elf:1    | Found Laubob's Book Shop.
 59434 | Elf:1    | You are sucked into a shaft and drop 1 floor!
 59456 | Elf:2    | Reached skill level 20 in Spellcasting
 60339 | Elf:2    | Found a runed translucent gate.
 60341 | Elf:2    | Found a runed translucent gate.
 60341 | Elf:2    | Found a runed translucent gate.
 60614 | Elf:2    | Reached skill level 15 in Fighting
 62571 | Elf:3    | Entered Level 3 of the Elven Halls
 62608 | Elf:3    | Identified a scroll of acquirement
 62608 | Elf:3    | Acquired 816 gold pieces
 64011 | Elf:3    | Noticed Donald
 64017 | Elf:3    | Killed Donald
 64018 | Elf:3    | Reached XP level 21. HP: 140/160 MP: 0/0
 64018 | Elf:3    | Learned a level 8 spell: Disjunction
 64788 | Elf:3    | Identified the ring of Heociev {Ice *Corrode rElec Int+2
                  | Dex+2}
 64960 | Elf:3    | Identified the amulet "Meod" {Will+ Regen+}
 65292 | Elf:3    | Identified the ring of the Queen {rN+ Int+3}
 66174 | Elf:3    | Identified the +0 rapier of Zeuxuoz {vorpal, Str+4}
 67296 | Vaults:1 | Entered Level 1 of the Vaults
 68240 | Vaults:1 | Reached skill level 10 in Armour
 69587 | Vaults:1 | Reached XP level 22. HP: 150/170 MP: 0/0
 70501 | Vaults:2 | Noticed Frederick
 70995 | Vaults:2 | Killed Frederick
 71087 | Vaults:2 | Identified the ring "Faulajir" {+Blink rCorr Stlth+}
 71571 | Depths:1 | Entered Level 1 of the Depths
 71785 | Depths:1 | Found a hide-covered altar of Uskayaw.
 73050 | Depths:1 | Noticed a dread lich
 73128 | Depths:1 | Killed a dread lich
 74060 | Depths:1 | Found Lyniamn's Book Boutique.
 74914 | Depths:1 | Reached XP level 23. HP: 176/176 MP: 0/0
 74914 | Depths:1 | Learned a level 7 spell: Storm Form
 75077 | Depths:1 | Noticed the Enchantress
 75087 | Depths:1 | Killed the Enchantress
 75433 | Depths:1 | Found a one-way gate leading to the halls of Pandemonium.
 75527 | Depths:1 | Found Dumpudd's Book Shoppe.
 75527 | Depths:1 | Found Ruryto's Jewellery Shop.
 75528 | Depths:1 | Found Hory's Jewellery Shop.
 76739 | Depths:2 | Noticed a caustic shrike
 76741 | Depths:2 | Noticed a caustic shrike
 76742 | Depths:2 | Noticed a caustic shrike
 76743 | Depths:2 | Noticed a caustic shrike
 76748 | Depths:2 | Reached skill level 1 in Unarmed Combat
 77336 | Depths:2 | Found a shadowy altar of Dithmenos.
 77824 | Depths:2 | Reached skill level 15 in Shields
 78276 | Depths:1 | Killed a caustic shrike
 78691 | Depths:2 | Reached skill level 5 in Unarmed Combat
 79291 | Depths:2 | Killed a caustic shrike
 79687 | Depths:2 | Identified the +3 robe of Qeptapso {-Tele rElec rN+++
                  | Slay+3}
 81701 | Depths:2 | Found a blossoming altar of Fedhas.
 81882 | Depths:2 | Noticed a golden dragon
 81915 | Depths:2 | Killed a caustic shrike
 81928 | Depths:2 | Killed a caustic shrike
 82331 | Depths:2 | Killed a golden dragon
 82411 | Depths:2 | Found a hazy altar of Hepliaklqana.
 82521 | Depths:2 | Found a bloodstained altar of Trog.
 82531 | Depths:2 | Reached XP level 24. HP: 157/183 MP: 0/0
 82656 | Depths:2 | Glimpsed the power of Zot.
 82835 | Depths:2 | Reached skill level 10 in Unarmed Combat
 83716 | Depths:3 | Identified the ring "Amewk" {+Blink rC+ MP+9}
 83991 | Depths:3 | Noticed a caustic shrike
 83997 | Depths:3 | Killed a caustic shrike
 85441 | Depths:3 | Found a stormy altar of Qazlal.
 86121 | Depths:3 | Noticed a caustic shrike
 86171 | Depths:3 | Killed a caustic shrike
 86736 | Depths:3 | Paralysed by a floating eye for 4 turns
 86742 | Depths:3 | Paralysed by a floating eye for 2 turns
 87744 | Depths:3 | Noticed a caustic shrike
 87754 | Depths:3 | Killed a caustic shrike
 87765 | Depths:3 | Noticed a golden dragon
 87796 | Depths:3 | Killed a golden dragon
 88103 | Depths:3 | Acquired the amulet of Sovereignty {rN+ Will+ Regen+ Int+5
                  | Stlth+}
 88369 | Depths:3 | Identified the +1 rapier "Daczec" {drain, Fly rElec rC-
                  | Dex+9}
 88453 | Depths:4 | Entered Level 4 of the Depths
 88512 | Depths:4 | Reached skill level 15 in Unarmed Combat
 88645 | Depths:4 | Reached XP level 25. HP: 186/188 MP: 0/0
 88645 | Depths:4 | Learned a level 9 spell: Chain Lightning
 89423 | Depths:4 | Noticed Margery
 89537 | Depths:4 | Killed Margery
 90241 | Depths:4 | Found a one-way gateway to a ziggurat.
 90244 | Depths:4 | Paralysed by a floating eye for 2 turns
 90249 | Depths:4 | Paralysed by a floating eye for 3 turns
 90658 | Depths:4 | Found a gate to the Realm of Zot.
 91132 | Snake:2  | Bought a ring of protection from fire for 300 gold pieces
 91540 | Vaults:3 | Found a staircase to the Crypt.
 91569 | Vaults:3 | Found Uhiann's Jewellery Shoppe.
 91582 | Vaults:3 | Bought the ring of Wioghil {rF+ Int+3} for 651 gold pieces
 92559 | Vaults:3 | Reached XP level 26. HP: 94/195 MP: 0/0
 93901 | Vaults:5 | Entered Level 5 of the Vaults
 94008 | Vaults:5 | Reached skill level 21 in Spellcasting
 94248 | Vaults:5 | Noticed an ancient lich
 94253 | Vaults:5 | Killed an ancient lich
 94407 | Vaults:5 | Noticed an ancient lich
 94415 | Vaults:5 | Killed an ancient lich
 94535 | Vaults:5 | Reached XP level 27. HP: 201/201 MP: 0/0
 94535 | Vaults:5 | Learned a level 9 spell: Fire Storm
 94635 | Vaults:5 | Reached skill level 22 in Spellcasting
 94887 | Vaults:5 | Identified the +4 great mace of Xatoung {vorpal, +Blink rC+
                  | rCorr}
 94887 | Vaults:5 | Identified the ring "Tiefuz" {rElec rF+ rC+ Int+6}
 95363 | Vaults:5 | Noticed a dread lich
 95366 | Vaults:5 | Killed a dread lich
 95403 | Vaults:5 | Identified the ring of the Duke {rF+ rN+ Will+ Dex-5}
 95533 | Vaults:5 | Got a silver rune of Zot
 96121 | Slime:1  | Entered Level 1 of the Pits of Slime
 96270 | Slime:5  | Entered Level 5 of the Pits of Slime
 96287 | Slime:5  | Noticed the Royal Jelly
 96291 | Slime:5  | Killed the Royal Jelly
 96458 | Slime:5  | Reached skill level 23 in Spellcasting
 96480 | Slime:5  | Identified the +10 great sword "Laedelut" {protect, rPois
                  | rF++}
 96488 | Slime:5  | Got a slimy rune of Zot
 96971 | Zot:1    | Entered Level 1 of the Realm of Zot
 97854 | Vaults:3 | Bought a ring of fire for 425 gold pieces
 98462 | Zot:4    | Reached skill level 24 in Spellcasting
 98608 | Zot:5    | Entered Level 5 of the Realm of Zot
 98944 | Zot:5    | Found Ulieces's Changing Room.
 99088 | Zot:5    | Noticed a Killer Klown
 99091 | Zot:5    | Noticed a Killer Klown
 99092 | Zot:5    | Noticed a Killer Klown
 99093 | Zot:5    | Killed a Killer Klown
 99093 | Zot:5    | Killed a Killer Klown
 99095 | Zot:5    | Killed a Killer Klown
 99105 | Zot:5    | Noticed an ancient lich
 99107 | Zot:5    | Killed an ancient lich
 99153 | Zot:5    | Noticed a Killer Klown
 99155 | Zot:5    | Killed a Killer Klown
 99156 | Zot:5    | Reached skill level 25 in Spellcasting
 99158 | Zot:5    | Noticed a Killer Klown
 99160 | Zot:5    | Killed a Killer Klown
 99163 | Zot:5    | Noticed an orb of fire
 99166 | Zot:5    | Gained mutation: Armour fits poorly on your strangely
                  | shaped body. [an orb of fire]
 99167 | Zot:5    | Killed an orb of fire
 99169 | Zot:5    | Noticed a Killer Klown
 99173 | Zot:5    | Killed a Killer Klown
 99219 | Zot:5    | Killed an ancient lich
 99271 | Zot:5    | Noticed a Killer Klown
 99273 | Zot:5    | Killed a Killer Klown
 99274 | Zot:5    | Noticed a Killer Klown
 99277 | Zot:5    | Killed a Killer Klown
 99307 | Zot:5    | Noticed an orb of fire
 99310 | Zot:5    | Noticed a Killer Klown
 99311 | Zot:5    | Killed an orb of fire
 99312 | Zot:5    | Killed a Killer Klown
 99361 | Zot:5    | Noticed a Killer Klown
 99365 | Zot:5    | Killed a Killer Klown
 99419 | Zot:5    | Got the Orb of Zot
 99476 | Zot:5    | Reached skill level 26 in Spellcasting
100030 | D:$      | Escaped with the Orb!

Illustrated notes

Levels and vault maps discovered:
D:1:      wander_arrival_estate, layout_loops_ring,
          shapermc_ecumenical_altar_mp_ritualfount, minmay_pentomino_r2
D:2:      layout_basic
D:3:      layout_basic, lemuel_zombie_altar_kikubaaqudgha,
          chequers_temple_overflow_statue_of_worship, amcnicky_altar_gilded,
          gammafunk_temple_overflow_pools, eino_tiny_chamber
D:4:      layout_rooms, old_standard_altar, trog_three_pillars_becter
D:5:      layout_rooms
D:6:      layout_loops_ring, kennysheep_slug_shrine, minmay_temple_entry_mist
D:7:      due_chaos_kobolds, layout_loops_ring, ebering_ghost_reflecting_pool
D:8:      layout_gridville, makhleb_grotto_becter
D:9:      layout_basic, zin_angel, due_lair_maze_entry_diamond, serial_ice,
          serial_ice_g, serial_ice_f, serial_ice_m, serial_ice_i
D:10:     layout_basic, lightli_fourway_metalbox, uniq_joseph, uniq_gastronok
D:11:     layout_loops_ring, portal_ice_cave_entry_pillars_1, dk_noncrumbling_3,
          minmay_microvault
D:12:     layout_basic, orc_0_dummy, minmay_misc_feat_room, uniq_azrael,
          uniq_sonja, uniq_jorgrun
D:13:     layout_rooms, minmay_diced_spiral, uniq_rupert
D:14:     layout_basic, david_vaults_3, nicolae_concentric_dashed_squares_wild,
          uniq_josephine, uniq_agnes
D:15:     grunt_enter_depths_giant_problem, layout_loops_ring, elyvilon_altar_4,
          serial_shops, bzr_in_the_mist, nicolae_dithmenos_the_darkroom,
          uniq_kirke
Temple:   eino_temple_lava
Lair:1:   layout_layer_cave
Lair:2:   layout_layer_cave, guppyfry_snake_entry_island, special_room
          [special_room_bee], nicolae_quartered_pool_medium, lemuel_fruit_tree,
          uniq_erica
Lair:3:   nzn_winding_woodlands_large [nzn_winding_woodlands_5x5_cross,
          nzn_winding_woodlands_5x15_default,
          nzn_winding_woodlands_5x5_closed_star,
          nzn_winding_woodlands_center_diamonds,
          nzn_winding_woodlands_15x15_boxy_spiral,
          nzn_winding_woodlands_center_triple_pond,
          nzn_winding_woodlands_5x5_perimeter,
          nzn_winding_woodlands_5x15_longhouse,
          nzn_winding_woodlands_5x5_default], layout_layer_cave
Lair:4:   layout_gridlike, minmay_shoals_entry_beasts, kilobyte_rumbling_trees
Lair:5:   layout_hall_layers, slime_altar_1
Lair:6:   evil_forest, layout_small_grid, minivault_19, lemuel_fruit_fields
Shoals:1: layout_shoals, nicolae_shoals_lost_giant_temple
Shoals:2: layout_shoals
Shoals:3: cheibrodos_shoals_satyrical_garden, layout_shoals,
          nicolae_shoals_aquamancer_cove, uniq_nikola
Shoals:4: shoals_end_hellmonk_storm_palace [storm_palace_center_square,
          storm_palace_corner_blocked, storm_palace_corner_pillars,
          storm_palace_corner_grid, storm_palace_corner_grid], serial_shops
Snake:1:  layout_misc_corridors, uniq_roxanne
Snake:2:  dpeg_oklob_gauntlet, layout_chambers, lightli_airlock,
          minmay_shop_star
Snake:3:  layout_honeycomb, uniq_aizul, uniq_louise, uniq_mara
Snake:4:  johnstein_snake_rune_scales, layout_cave_town, st_stairs_6,
          uniq_saint_roka
Slime:1:  layout_caves
Slime:2:  layout_caves
Slime:3:  layout_caves
Slime:4:  cheibrodos_slime_lost_civilization_1, layout_caves
Slime:5
Orc:1:    layout_diamond_mine
Orc:2:    st_orc_congregation, layout_caves, chequers_guarded_unrand_ignorance
Elf:1:    elf_arrival_002, layout_gridlike, serial_shops, nicolae_shop_crystal,
          evilmike_minifort
Elf:2:    nicolae_elf_blades_crystal_corner, layout_geoelf_grid
Elf:3:    minmay_elf_hall_dome, layout_loops_corners, uniq_donald
Vaults:1: nicolae_vaults_hallways_thing, vaults_room_octagon, vaults_dpeg_cross,
          nicolae_vaults_windows_and_doors_thing, vaults_mumra_hexcomb,
          ontoclasm_vaults_eye, v_alt_pattern_6, v_misc_3, v_pattern_5,
          layout_vaults_big_room
Vaults:2: st_hourglassy, v_misc_3, vaults_standard_mumra_lines,
          vaults_dpeg_hooks, v_misc_18, v_misc_8, layout_vaults_omnigrid,
          uniq_frederick, uniq_mennas
Vaults:3: dpeg_vaults_monster_box, v_misc_17, nicolae_vaults_triangles,
          st_more_cells, hangedman_vaults_impose,
          minmay_crypt_entry_skeletal_spiral, vaults_mumra_minichess,
          v_pattern_2, grunt_vaults_funnel, vaults_room_fours,
          vaults_room_pools, vaults_room_grid, layout_vaults_ring, serial_shops,
          nicolae_shop_stone
Vaults:4: hangedman_vaults_stitches, v_rooms_5, v_misc_18,
          ontoclasm_vaults_gateway, hangedman_vaults_capsules, v_misc_5,
          nicolae_vaults_circle_grid_a, vaults_room_large_hall, v_rooms_1,
          nicolae_vaults_little_squares_4, v_alt_pattern_3,
          nicolae_vaults_rhombus_5, layout_vaults_omnicross
Vaults:5: serial_shops
Depths:1: layout_roguey [special_room_morgue], serial_rivers,
          chequers_serial_rivers_small_3, chequers_serial_rivers_micro_a,
          chequers_serial_rivers_large_b, chequers_serial_rivers_micro_e,
          pf_hell_entry_great_geh, rand_demon_pan_entry_4, serial_shops,
          nicolae_shop_hallway_plus, nicolae_uskayaw_en_pointe,
          minmay_shop_grove, uniq_enchantress
Depths:2: grunt_profane_halls [grunt_profane_temple_geh,
          grunt_profane_temple_dis, grunt_profane_temple_coc,
          grunt_profane_temple_tar, grunt_profane_loot], pan_entry, hell_entry
Depths:3: kennysheep_large_vault, layout_long_grid,
          nicolae_qazlal_general_emergency, grunt_hell_entry_dis_old,
          abyss_entry, minmay_staircase_windowed_small
Depths:4: grunt_zot_entry_hairpin, layout_basic, enter_ziggurat_c,
          chequers_serial_rivers_micro_e, special_room
          [special_room_mythical_zoo], hellmouth_1, serial_bayou_shore_a,
          uniq_margery
Zot:1:    lemuel_firehouse, layout_cathedral_of_symmetry, drop_trap
Zot:2:    layout_basic
Zot:3:    layout_gridlike, lemuel_golem_globe
Zot:4:    layout_basic
Zot:5:    layout_misc_corridors, nicolae_transmutations_shop

Skill      XL: |  1  2  3  4  5  6  7  8  9 10 11 12 13 14 15 16 17 18 19 20 21 22 23 24 25 26 27 |
---------------+----------------------------------------------------------------------------------+-----
Fighting       | 1 2 3 4 5 6 7 10 12 13 14 17 18 | 18.5
Stealth        | 2 3 |  3.0
Spellcasting   | 3 4 6 7 8 10 11 12 13 14 15 16 17 19 20 21 26 | 26.2
Dodging        | 6 7 10 13 | 13.1
Armour         | 4 8 12 14 | 14.3
Evocations     | 4 8 |  8.0
Shields        | 1 9 10 13 15 | 15.2
Unarmed Combat | 9 15 19 20 | 20.0

Action                   |  1- 3 |  4- 6 |  7- 9 | 10-12 | 13-15 | 16-18 | 19-21 | 22-24 | 25-27 || total
-------------------------+-------+-------+-------+-------+-------+-------+-------+-------+-------++-------
Melee: Unarmed           |    30 |       |       |       |       |       |       |    61 |   654 ||   745
       Club              |    11 |       |       |       |       |       |       |       |       ||    11
       Rapier            |    53 |    72 |     1 |       |       |       |       |       |       ||   126
       Mace              |     7 |       |       |       |       |       |       |       |       ||     7
       Dagger            |       |       |       |     1 |     1 |       |       |       |       ||     2
       Staff             |       |       |       |       |     3 |    12 |     4 |       |       ||    19
       Long sword        |       |       |       |       |       |       |     2 |    35 |    18 ||    55
       Punch             |       |       |       |       |       |       |       |     5 |   132 ||   137
 Cast: Sandblast         |    13 |    13 |       |       |       |       |       |       |       ||    26
       Stone Arrow       |       |     9 |   122 |   226 |   344 |   497 |   490 |   242 |   139 ||  2069
       Summon Lightning  |       |       |     3 |    58 |   117 |   180 |   131 |    51 |    25 ||   565
       Mephitic Cloud    |       |       |     2 |    23 |    27 |    36 |     3 |       |       ||    91
       Petrify           |       |       |       |     3 |     5 |       |       |       |       ||     8
       Ensorcelled Hiber |       |       |       |     2 |     1 |       |       |       |       ||     3
       Summon Mana Viper |       |       |       |       |    46 |    18 |     2 |       |       ||    66
       Statue Form       |       |       |       |       |     2 |    27 |    46 |    31 |    32 ||   138
       Yara's Violent Un |       |       |       |       |     1 |    27 |    15 |    21 |     7 ||    71
       Haunt             |       |       |       |       |       |    32 |    78 |   215 |    12 ||   337
       Summon Hydra      |       |       |       |       |       |       |    92 |   203 |       ||   295
       Storm Form        |       |       |       |       |       |       |       |     7 |    49 ||    56
       Chain Lightning   |       |       |       |       |       |       |       |       |   159 ||   159
       Fire Storm        |       |       |       |       |       |       |       |       |   127 ||   127
 Abil: End Transformatio |       |       |       |       |     2 |     3 |     3 |    10 |    10 ||    28
       Blinkbolt         |       |       |       |       |       |       |       |     1 |    10 ||    11
Evoke: Wand              |       |       |     3 |       |       |     1 |       |       |     1 ||     5
       Condenser vane    |       |       |       |       |       |       |     2 |     1 |       ||     3
       Phantom mirror    |       |       |       |       |       |       |     1 |       |       ||     1
  Use: Scroll            |       |       |       |       |    14 |     7 |    27 |     9 |     2 ||    59
       Potion            |       |       |       |       |     3 |     2 |    15 |     2 |     2 ||    24
 Stab: Sleeping          |     1 |     5 |     1 |     1 |     1 |       |       |       |     2 ||    11
       Betrayed ally     |       |       |       |       |     1 |       |       |       |       ||     1
       Distracted        |       |       |       |       |       |       |       |     1 |     3 ||     4
Armor: Robe              |    28 |    17 |       |       |       |       |       |       |       ||    45
       Ring mail         |       |       |       |    23 |    31 |    29 |    21 |       |       ||   104
       Skin              |       |       |       |       |     2 |    59 |   100 |   122 |   149 ||   432
       Ice dragon scales |       |       |       |       |       |       |     9 |    69 |    43 ||   121
Dodge: Dodged            |    79 |    66 |    12 |    49 |    44 |   130 |   153 |   236 |   566 ||  1335
Block: Tower shield      |       |       |       |       |    57 |   470 |   393 |   401 |   104 ||  1425
       Reflection        |       |       |       |       |    18 |    72 |   124 |    29 |       ||   243
       Other             |       |       |       |       |     4 |       |       |       |       ||     4
